 Dungeon Crawl Stone Soup version 0.23.2-40-g277498a001 (webtiles) character file.

Game seed: 12711905430609713126

305 Descartes the Gusty (level 6, -6/30 HPs)
             Began as a Vine Stalker Air Elementalist on Sept 4, 2019.
             Mangled by an ogre
             ... wielding a +0 giant club
              (22 damage)
             ... on level 5 of the Dungeon.
             The game lasted 00:18:12 (4685 turns).

Descartes the Gusty (Vine Stalker Air Elementalist) Turns: 4685, Time: 00:18:13

Health: -6/30      AC:  4    Str: 15    XL:     6   Next: 39%
Magic:  0/11       EV: 12    Int: 18    God:
Gold:   268        SH:  9    Dex: 15    Spells: 10/11 levels left

rFire    . . .     SeeInvis .   E - +3 mace "Vizola" {freeze, rElec Str+4 Int+2} (curse)
rCold    . . .     Gourm    .   j - +0 buckler
rNeg     . . .     Faith    .   D - +0 leather armour (curse)
rPois    .         Spirit   +   B - +0 helmet (curse)
rElec    +         Reflect  +   (no cloak)
rCorr    .         Harm     .   (no gloves)
MR       .....                  (no boots)
Stlth    ++........             r - +5 amulet of reflection
HPRegen  0.50/turn              (no ring)
MPRegen  0.12/turn              (no ring)

@: no status effects
A: fangs 2, regeneration 1, magic shield, antimagic bite, no potion heal 3, rot
immunity
a: no special abilities


You were on level 5 of the Dungeon.
You were not hungry.

You visited 1 branch of the dungeon, and saw 5 of its levels.

You collected 268 gold pieces.

Inventory:

Hand Weapons
 E - the cursed +3 mace "Vizola" (weapon) {freeze, rElec Str+4 Int+2}
   (You found it on level 4 of the Dungeon)

   It has been specially enchanted to freeze those struck by it, causing extra
   injury to most foes and up to half again as much damage against particularly
   susceptible opponents.
   It can also slow down cold-blooded creatures.
   It affects your strength (+4).
   It affects your intelligence (+2).
   It insulates you from electricity.
   It has a curse placed upon it.
Missiles
 g - 212 stones (quivered)
 i - 22 poisoned needles
 p - 69 arrows
 x - 5 tomahawks of returning
 y - 12 sling bullets
 A - 2 tomahawks
Armour
 j - a +0 buckler (worn)
 B - a cursed +0 helmet (worn)
 D - a cursed +0 leather armour (worn)
Jewellery
 r - a +5 amulet of reflection (around neck)
Wands
 d - a wand of digging (3)
 q - a wand of paralysis (9)
Scrolls
 b - a scroll of immolation {unknown}
 k - a scroll of noise {unknown}
 m - 6 scrolls of remove curse
 n - a scroll of amnesia {unknown}
 o - a scroll of blinking
 s - a scroll of magic mapping {unknown}
 w - a scroll of enchant armour {unknown}
Potions
 h - 2 potions of might
 t - 2 potions of berserk rage
 u - 2 potions of ambrosia
 v - 2 potions of haste
 z - a potion of curing
Comestibles
 c - 6 rations


   Skills:
 + Level 1.5 Fighting
 * Level 1.6 Armour
 + Level 2.1 Dodging
 + Level 3.3 Stealth
 + Level 1.1 Shields
 + Level 1.3 Unarmed Combat
 * Level 3.2 Spellcasting
 * Level 2.2 Conjurations
 * Level 3.8 Air Magic
 + Level 0.0 Evocations


You had 10 spell levels left.
You knew the following spells:

 Your Spells              Type           Power        Failure   Level  Hunger
a - Shock                 Conj/Air       ##..         9%          1    None

Your spell library contained the following spells:

 Spells                   Type           Power        Failure   Level  Hunger
 Swiftness                Chrm/Air       #.......     21%         2    ##.....
 Static Discharge         Conj/Air       ##......     24%         3    ###....
 Airstrike                Air            ###.......   52%         4    ####...
 Lightning Bolt           Conj/Air       ##........   92%         5    ######.


Dungeon Overview and Level Annotations

Branches:
Dungeon (5/15)
 Temple: D:4-7

Altars:

Annotations:
D:5 Prince Ribbit


Innate Abilities, Weirdness & Mutations

You have extremely sharp teeth.
Your natural rate of healing is unusually fast.
When hurt, damage is shared between your health and your magic reserves.
Your bite disrupts and absorbs the magic of your enemies.
Potions cannot restore your health.
You are immune to rotting.


Message History

You hear the sound of rushing water.
There is an entrance to a sewer on this level.
Hurry and find it before the portal rusts away! 2 orcs and an ogre come into view.
The ogre shouts!
The orc shouts! x2; You hear a shout! x2; You hear a croak.
Found a pair of boots.
There is a stone staircase leading up here.
You barely miss the ogre. You block the ogre's attack.
You hit the ogre but do no damage.
Prince Ribbit comes into view.
The ogre closely misses you.
You sock the ogre! You freeze the ogre. Your bite misses the ogre.
The ogre is heavily wounded.
An orc comes into view. It is wielding a +0 hand axe.
Prince Ribbit croaks regally.
The ogre hits you with a +0 giant club!!
Ouch! That really hurt!
An orc comes into view. It is wielding a +0 dagger.
The ogre hits you with a +0 giant club!!
Ouch! That really hurt!
You die... o

.. # ##... #.
#... .
#.###..#...
...##....o..o..
.......@O.oF...
[..##.##.######
# .# ##


You could see Prince Ribbit, an ogre and 4 orcs.

Vanquished Creatures
  2 orc priests (D:3)
  An orc wizard (D:2)
  2 worker ants (D:4)
  A worker ant zombie (D:3)
  7 adders
  2 adder skeletons (D:4)
  A worm (D:2)
  3 dart slugs (D:2)
  A leopard gecko (D:1)
  9 orcs
  A ball python (D:4)
  8 bats
  5 giant cockroaches
  8 hobgoblins
  10 jackals
  7 kobolds
  A quokka (D:2)
  4 frilled lizards
  4 goblins (D:2)
  7 rats
84 creatures vanquished.

Notes
Turn   | Place    | Note
-------+----------+-------------------------------------------
     0 | D:1      | Descartes the Vine Stalker Air Elementalist began the quest
                  | for the Orb.
     0 | D:1      | Reached XP level 1. HP: 9/9 MP: 4/4
   315 | D:1      | Reached XP level 2. HP: 12/13 MP: 0/6
  1130 | D:2      | Reached XP level 3. HP: 7/17 MP: 2/7
  2106 | D:2      | Gained mutation: Your natural rate of healing is unusually
                  | fast. [Vine Stalker growth]
  2106 | D:2      | Reached XP level 4. HP: 21/21 MP: 9/9
  2786 | D:2      | HP: 1/21 [jackal (2)]
  2790 | D:2      | Reached skill level 1 in Fighting
  2790 | D:2      | Reached skill level 1 in Unarmed Combat
  2793 | D:2      | HP: 1/22 [jackal (2)]
  2861 | D:3      | Reached skill level 1 in Armour
  2861 | D:3      | Reached XP level 5. HP: 14/25 MP: 7/10
  3478 | D:3      | Reached XP level 6. HP: 30/30 MP: 5/11
  3782 | D:3      | Found a faded altar of an unknown god.
  4060 | D:4      | Reached skill level 1 in Shields
  4408 | D:4      | Got a twisted mace
  4416 | D:4      | Identified the cursed +3 mace "Vizola" {freeze, rElec Str+4
                  | Int+2} (You found it on level 4 of the Dungeon)
  4681 | D:5      | Entered Level 5 of the Dungeon
  4683 | D:5      | Noticed Prince Ribbit
  4685 | D:5      | Mangled by an ogre

Skill      XL: |  1  2  3  4  5  6 |
---------------+-------------------+-----
Fighting       | 1 |  1.5
Unarmed Combat | 1 |  1.3
Stealth        | 3 |  3.3
Armour         | 1 |  1.6
Spellcasting   | 3 |  3.2
Dodging        | 2 |  2.1
Conjurations   | 2 |  2.2
Shields        | 1 |  1.1
Air Magic      | |  3.8

Action                   |  1- 3 |  4- 6 || total
-------------------------+-------+-------++-------
Melee: Short sword       |     5 |       ||     5
       Bite              |    13 |    36 ||    49
       Whip              |    64 |   119 ||   183
       Mace              |       |     7 ||     7
 Cast: Shock             |    21 |    57 ||    78
  Use: Scroll            |     5 |     5 ||    10
 Stab: Sleeping          |     3 |     5 ||     8
       Distracted        |     1 |       ||     1
  Eat: Chunk             |     4 |     8 ||    12
Armor: Robe              |     5 |       ||     5
       Leather armour    |    15 |    19 ||    34
Dodge: Dodged            |    45 |    71 ||   116
Block: Buckler           |    31 |    65 ||    96
       Reflection        |       |     1 ||     1
